| TOP OF THE 1ST |
|
Tennessee Smokies batting - Pitching for Mobile BayBears : LHP Jesus Gallegos
|
|
Pitching: LHP Jesus Gallegos
|
|
|
Batting: RHB Eric Wiss
|
0-0: Ball 1-0: Ball 2-0: Foul Ball, location: 2F 2-1: Swinging Strike 2-2: Foul Ball, location: 2F 2-2: SINGLE (Groundball, 56D, EV 95.6 MPH)
|
|
Batting: RHB Khalil Stephens
|
0-0: Foul Ball, location: 2F 0-1: Ball 1-1: Called Strike 1-2: Strikes out swinging
|
|
Batting: RHB Brad Santanello
|
0-0: Called Strike 0-1: Swinging Strike 0-2: Fielders Choice at 2nd, 4-6 (Groundball, 4S, EV 90.6 MPH)
|
|
Batting: RHB David Barnard
|
0-0: Ball 1-0: Ball 2-0: Swinging Strike 2-1: Called Strike 2-2: Foul Ball, location: 2F 2-2: Strikes out looking
|
| Top of the 1st over - 0 runs, 1 hit, 0 errors, 1 left on base; Tennessee 0 - Mobile 0 |
| BOTTOM OF THE 1ST |
|
Mobile BayBears batting - Pitching for Tennessee Smokies : LHP Virgílio Beyfus
|
|
Pitching: LHP Virgílio Beyfus
|
|
|
Batting: RHB Carlos Ballesteros
|
0-0: SINGLE (Groundball, 25, EV 66.2 MPH) (infield hit)
|
|
Batting: RHB Yasuo Nakata
|
0-0: Called Strike 0-1: Called Strike 0-2: Ball 1-2: Fly out, F4 (Popup, 4M, EV 68.8 MPH)
|
|
Batting: RHB Josh Burrows
|
0-0: Foul Ball, location: 2F 0-1: Ball 1-1: Ball 2-1: Foul Ball, location: 2F 2-2: Strikes out swinging
|
|
Batting: RHB Blake Beale
|
0-0: Ball 1-0: Called Strike 1-1: Ball 2-1: Foul Ball, location: 2F 2-2: Fly out, F9 (Flyball, 89M, EV 80.6 MPH)
|
| Bottom of the 1st over - 0 runs, 1 hit, 0 errors, 1 left on base; Tennessee 0 - Mobile 0 |
| TOP OF THE 2ND |
|
Tennessee Smokies batting - Pitching for Mobile BayBears : LHP Jesus Gallegos
|
|
Batting: RHB Sam Sours
|
0-0: Ball 1-0: Ball 2-0: Swinging Strike 2-1: Ground out 6-3 (Groundball, 6, EV 83.1 MPH)
|
|
Batting: RHB Armando Vilano
|
0-0: Called Strike 0-1: Swinging Strike 0-2: Foul Ball, location: 2F 0-2: Foul Ball, location: 2F 0-2: Strikes out swinging
|
|
Batting: RHB Sung-hwan Jung
|
0-0: Called Strike 0-1: Foul Ball, location: 2F 0-2: Ball 1-2: SINGLE (Groundball, 56D, EV 100.0 MPH)
|
|
Batting: RHB Jonathan Sotelo
|
0-0: Foul Ball, location: 2F 0-1: Ball 1-1: Foul Ball, location: 2F 1-2: Ground out 2-3 (Groundball, 2R, EV 68.1 MPH)
|
| Top of the 2nd over - 0 runs, 1 hit, 0 errors, 1 left on base; Tennessee 0 - Mobile 0 |
| BOTTOM OF THE 2ND |
|
Mobile BayBears batting - Pitching for Tennessee Smokies : LHP Virgílio Beyfus
|
|
Batting: LHB Koson Hirai
|
0-0: Fly out, F8 (Flyball, 78S, EV 92.5 MPH)
|
|
Batting: RHB Chris Bittner
|
0-0: Ball 1-0: Foul Ball, location: 2F 1-1: Swinging Strike 1-2: Foul Ball, location: 2F 1-2: Strikes out looking
|
|
Batting: RHB Jeremy Adams
|
0-0: Foul Ball, location: 2F 0-1: Ball 1-1: Ball 2-1: Ball 3-1: Base on Balls
|
|
Batting: RHB Will Washburn
|
0-0: Ground out U3 (Groundball, 3S, EV 62.5 MPH)
|
| Bottom of the 2nd over - 0 runs, 0 hits, 0 errors, 1 left on base; Tennessee 0 - Mobile 0 |
| TOP OF THE 3RD |
|
Tennessee Smokies batting - Pitching for Mobile BayBears : LHP Jesus Gallegos
|
|
Batting: RHB Alvaro Romero
|
0-0: Ball 1-0: Swinging Strike 1-1: Swinging Strike 1-2: Ball 2-2: Ball 3-2: Fly out, F8 (Flyball, 8RM, EV 86.9 MPH)
|
|
Batting: RHB Eric Wiss
|
0-0: Ball 1-0: Swinging Strike 1-1: Ball 2-1: Ball 3-1: Foul Ball, location: 2F 3-2: Foul Ball, location: 2F 3-2: Foul Ball, location: 2F 3-2: Base on Balls
|
|
Batting: RHB Khalil Stephens
|
0-0: Ball Eric Wiss steals 2nd base 1-0: Called Strike 1-1: Called Strike 1-2: Foul Ball, location: 2F 1-2: Ball 2-2: Fly out, F7 (Line Drive, 7, EV 88.8 MPH)
|
|
Batting: RHB Brad Santanello
|
0-0: Foul Ball, location: 2F 0-1: Ball 1-1: Ball 2-1: SINGLE (Groundball, 56, EV 95.0 MPH) Eric Wiss to third Runner from 3rd tries for Home, SAFE, throw by LF to home
|
|
Batting: RHB David Barnard
|
0-0: Fly out, F9 (Line Drive, 9, EV 91.9 MPH)
|
| Top of the 3rd over - 1 run, 1 hit, 0 errors, 1 left on base; Tennessee 1 - Mobile 0 |
| BOTTOM OF THE 3RD |
|
Mobile BayBears batting - Pitching for Tennessee Smokies : LHP Virgílio Beyfus
|
|
Batting: SHB Ed Vargas
|
0-0: Swinging Strike 0-1: Swinging Strike 0-2: Ball 1-2: Strikes out swinging
|
|
Batting: RHB Carlos Ballesteros
|
0-0: Fly out, F9 (Flyball, 9LSF, EV 88.1 MPH)
|
|
Batting: RHB Yasuo Nakata
|
0-0: Ball 1-0: Called Strike 1-1: Foul Ball, location: 2F 1-2: Foul Ball, location: 2F 1-2: Ball 2-2: Strikes out swinging
|
| Bottom of the 3rd over - 0 runs, 0 hits, 0 errors, 0 left on base; Tennessee 1 - Mobile 0 |
| TOP OF THE 4TH |
|
Tennessee Smokies batting - Pitching for Mobile BayBears : LHP Jesus Gallegos
|
|
Batting: RHB Sam Sours
|
0-0: Ball 1-0: Ball 2-0: Foul Ball, location: 2F 2-1: Called Strike 2-2: Ball 3-2: Base on Balls
|
|
Batting: RHB Armando Vilano
|
0-0: Grounds into double play, 5-4-3 (Groundball, 5S, EV 83.1 MPH)
|
|
Batting: RHB Sung-hwan Jung
|
0-0: DOUBLE (Line Drive, 9LS, EV 101.9 MPH)
|
|
Batting: RHB Jonathan Sotelo
|
0-0: Foul Ball, location: 2F 0-1: Ball 1-1: SINGLE (Groundball, 6MD, EV 108.1 MPH) Sung-hwan Jung to third
|
|
Batting: RHB Alvaro Romero
|
0-0: Ball 1-0: Swinging Strike 1-1: SINGLE (Groundball, 6MD, EV 103.1 MPH) Sung-hwan Jung scores Jonathan Sotelo to second
|
|
Batting: RHB Eric Wiss
|
0-0: Foul Ball, location: 2F 0-1: Ball 1-1: Ball 2-1: 3-RUN HOME RUN (Flyball, 9D, EV 98.1 MPH), Distance : 374 ft
|
|
Pitching: RHP Ming-feng Pi
|
|
|
Batting: RHB Khalil Stephens
|
0-0: Ball 1-0: Called Strike 1-1: Foul Ball, location: 2F 1-2: Ball 2-2: Ground out U3 (Groundball, 3, EV 106.9 MPH)
|
| Top of the 4th over - 4 runs, 4 hits, 0 errors, 0 left on base; Tennessee 5 - Mobile 0 |
| BOTTOM OF THE 4TH |
|
Mobile BayBears batting - Pitching for Tennessee Smokies : LHP Virgílio Beyfus
|
|
Batting: RHB Josh Burrows
|
0-0: Called Strike 0-1: Fly out, F8 (Flyball, 8LM, EV 85.6 MPH)
|
|
Batting: RHB Blake Beale
|
0-0: Ball 1-0: DOUBLE (Line Drive, 7LD, EV 93.1 MPH)
|
|
Batting: LHB Koson Hirai
|
0-0: Called Strike 0-1: Ball 1-1: Swinging Strike 1-2: Strikes out swinging
|
|
Batting: RHB Chris Bittner
|
0-0: Foul Ball, location: 2F 0-1: Fly out, F9 (Flyball, 89S, EV 85.0 MPH)
|
| Bottom of the 4th over - 0 runs, 1 hit, 0 errors, 1 left on base; Tennessee 5 - Mobile 0 |
| TOP OF THE 5TH |
|
Tennessee Smokies batting - Pitching for Mobile BayBears : RHP Ming-feng Pi
|
|
Batting: RHB Brad Santanello
|
0-0: Fly out, F4 (Flyball, 34D, EV 92.5 MPH)
|
|
Batting: RHB David Barnard
|
0-0: Foul Ball, location: 2F 0-1: Ball 1-1: Foul Ball, location: 2F 1-2: Foul Ball, location: 2F 1-2: Strikes out swinging
|
|
Batting: RHB Sam Sours
|
0-0: Called Strike 0-1: Foul Ball, location: 2F 0-2: Strikes out swinging
|
| Top of the 5th over - 0 runs, 0 hits, 0 errors, 0 left on base; Tennessee 5 - Mobile 0 |
| BOTTOM OF THE 5TH |
|
Mobile BayBears batting - Pitching for Tennessee Smokies : LHP Virgílio Beyfus
|
|
Batting: RHB Jeremy Adams
|
0-0: Ball 1-0: Ball 2-0: Ball 3-0: Called Strike 3-1: Foul Ball, location: 2F 3-2: Strikes out looking
|
|
Batting: RHB Will Washburn
|
0-0: DOUBLE (Line Drive, 9LS, EV 100.0 MPH)
|
|
Batting: SHB Ed Vargas
|
0-0: Ball 1-0: Ball 2-0: Ball 3-0: Base on Balls
|
|
Batting: RHB Carlos Ballesteros
|
0-0: Ball 1-0: DOUBLE (Line Drive, 89M, EV 108.1 MPH) Will Washburn scores Ed Vargas to third
|
|
Batting: RHB Yasuo Nakata
|
0-0: Foul Ball, location: 2F 0-1: Swinging Strike 0-2: Ground out U3 (Groundball, 3, EV 87.5 MPH)
|
|
Batting: RHB Josh Burrows
|
0-0: Foul Ball, location: 2F 0-1: Swinging Strike 0-2: Ball 1-2: Foul Ball, location: 2F 1-2: Strikes out looking
|
| Bottom of the 5th over - 1 run, 2 hits, 0 errors, 2 left on base; Tennessee 5 - Mobile 1 |
| TOP OF THE 6TH |
|
Tennessee Smokies batting - Pitching for Mobile BayBears : RHP Ming-feng Pi
|
|
Batting: RHB Armando Vilano
|
0-0: Ball 1-0: SINGLE (Line Drive, 56, EV 98.8 MPH)
|
|
Batting: RHB Sung-hwan Jung
|
0-0: Grounds into double play, 6-4-3 (Groundball, 6, EV 90.6 MPH)
|
|
Batting: RHB Jonathan Sotelo
|
0-0: Called Strike 0-1: Ground out 6-3 (Groundball, 56, EV 102.5 MPH)
|
| Top of the 6th over - 0 runs, 1 hit, 0 errors, 0 left on base; Tennessee 5 - Mobile 1 |
| BOTTOM OF THE 6TH |
|
Mobile BayBears batting - Pitching for Tennessee Smokies : LHP Virgílio Beyfus
|
|
Batting: RHB Blake Beale
|
0-0: Ball 1-0: Fly out, F9 (Flyball, 89S, EV 87.5 MPH)
|
|
Batting: LHB Koson Hirai
|
0-0: Ball 1-0: SINGLE (Flyball, 56D, EV 95.0 MPH)
|
|
Batting: RHB Chris Bittner
|
0-0: Ball 1-0: DOUBLE (Flyball, 78XD, EV 111.2 MPH) Koson Hirai to third Runner from 3rd tries for Home, SAFE, throw by LF to trailing runner, SAFE at third!
|
|
Batting: RHB Jeremy Adams
|
0-0: Fly out, F9 (Flyball, 9D, EV 105.0 MPH) Runner from 3rd tags up, OUT at HOME! 9-2
|
| Bottom of the 6th over - 1 run, 2 hits, 0 errors, 0 left on base; Tennessee 5 - Mobile 2 |
| TOP OF THE 7TH |
|
Tennessee Smokies batting - Pitching for Mobile BayBears : RHP Ming-feng Pi
|
|
Batting: RHB Alvaro Romero
|
0-0: Called Strike 0-1: Called Strike 0-2: Strikes out looking
|
|
Batting: RHB Eric Wiss
|
0-0: Ball 1-0: Called Strike 1-1: Ball 2-1: Called Strike 2-2: Ball 3-2: Base on Balls
|
|
Batting: RHB Khalil Stephens
|
0-0: Ball 1-0: Called Strike Eric Wiss steals 2nd base 1-1: Called Strike 1-2: Fly out, F9 (Flyball, 9S, EV 91.2 MPH)
|
|
Batting: RHB Brad Santanello
|
0-0: Ball Eric Wiss steals 3rd base 1-0: Ball 2-0: Foul Ball, location: 2F 2-1: SINGLE (Groundball, 56D, EV 111.2 MPH) Eric Wiss scores
|
|
Batting: RHB David Barnard
|
0-0: Called Strike 0-1: Swinging Strike 0-2: Strikes out looking
|
| Top of the 7th over - 1 run, 1 hit, 0 errors, 1 left on base; Tennessee 6 - Mobile 2 |
| BOTTOM OF THE 7TH |
|
Mobile BayBears batting - Pitching for Tennessee Smokies : LHP Virgílio Beyfus
|
|
Batting: RHB Will Washburn
|
0-0: Foul Ball, location: 2F 0-1: Ball 1-1: SINGLE (Groundball, 34D, EV 98.8 MPH)
|
|
Batting: SHB Ed Vargas
|
0-0: Ball 1-0: Ball 2-0: Bunt missed! 2-1: Sac Bunt to 13S - play at first, batter OUT! 1-4 Will Washburn to second
|
|
Batting: RHB Carlos Ballesteros
|
0-0: SINGLE (Line Drive, 6M, EV 95.0 MPH) Will Washburn to third Runner from 3rd tries for Home, SAFE, throw by CF to home
|
|
Batting: RHB Yasuo Nakata
|
0-0: Ball 1-0: Ball 2-0: Swinging Strike 2-1: Foul Ball, location: 2F 2-2: Ball 3-2: Strikes out swinging Carlos Ballesteros steals 2nd base Batter strikes out.
|
|
Batting: RHB Josh Burrows
|
0-0: Called Strike 0-1: Called Strike 0-2: Strikes out looking
|
| Bottom of the 7th over - 1 run, 2 hits, 0 errors, 1 left on base; Tennessee 6 - Mobile 3 |
| TOP OF THE 8TH |
|
Tennessee Smokies batting - Pitching for Mobile BayBears : RHP Ming-feng Pi
|
|
Pitching: RHP Jason Hammons
|
|
|
Batting: RHB Sam Sours
|
0-0: Called Strike 0-1: SINGLE (Groundball, 56S, EV 70.6 MPH) (infield hit)
|
|
Batting: RHB Armando Vilano
|
0-0: Bunted foul 0-1: Bunted foul 0-2: Ball 1-2: Fielders Choice at 2nd, 5-4 (Groundball, 56S, EV 81.2 MPH)
|
|
Batting: RHB Sung-hwan Jung
|
0-0: Foul Ball, location: 2F 0-1: Ground out 6-3 (Groundball, 6, EV 108.1 MPH) Armando Vilano to second
|
|
Batting: RHB Jonathan Sotelo
|
0-0: Ball 1-0: Foul Ball, location: 2F 1-1: Called Strike 1-2: Strikes out swinging
|
| Top of the 8th over - 0 runs, 1 hit, 0 errors, 1 left on base; Tennessee 6 - Mobile 3 |
| BOTTOM OF THE 8TH |
|
Mobile BayBears batting - Pitching for Tennessee Smokies : LHP Virgílio Beyfus
|
|
Batting: RHB Blake Beale
|
0-0: Called Strike 0-1: SINGLE (Groundball, 6MS, EV 69.4 MPH) (infield hit)
|
|
Pitching: LHP Nate George
|
|
|
Batting: LHB Koson Hirai
|
0-0: Ball 1-0: Swinging Strike 1-1: Fly out, F7 (Flyball, 7S, EV 89.4 MPH)
|
|
Batting: RHB Chris Bittner
|
0-0: Ball 1-0: Ball 2-0: Ball 3-0: Called Strike 3-1: Foul Ball, location: 2F 3-2: Strikes out swinging
|
|
Batting: RHB Jeremy Adams
|
0-0: Ball 1-0: Ball 2-0: Ball 3-0: Called Strike 3-1: Base on Balls Blake Beale to second
|
|
Batting: RHB Will Washburn
|
0-0: Ball 1-0: Ball 2-0: Ball 3-0: Called Strike 3-1: Base on Balls Blake Beale to third Jeremy Adams to second
|
|
Pitching: RHP Karl Stuart
|
|
|
Batting: SHB Ed Vargas
|
0-0: Ball 1-0: SINGLE (Line Drive, 89S, EV 101.9 MPH) Blake Beale scores Jeremy Adams to third Will Washburn to second Runner from 3rd tries for Home, SAFE, throw by RF to home
|
|
Pinch Runner at 2nd T.J. Duvall:
|
|
|
Batting: RHB Carlos Ballesteros
|
0-0: Called Strike 0-1: Foul Ball, location: 2F 0-2: Foul Ball, location: 2F 0-2: Fielders Choice at 2nd, 6-4 (Groundball, 6, EV 109.4 MPH)
|
| Bottom of the 8th over - 2 runs, 2 hits, 0 errors, 2 left on base; Tennessee 6 - Mobile 5 |
| TOP OF THE 9TH |
|
Tennessee Smokies batting - Pitching for Mobile BayBears : RHP Jason Hammons
|
|
Pitching: RHP Rick Foster
|
|
|
Now at 1B: T.J. Duvall
|
|
|
Now in RF: Josh Burrows
|
|
|
Batting: RHB Alvaro Romero
|
0-0: Ball 1-0: Called Strike 1-1: Called Strike 1-2: Ball 2-2: Foul Ball, location: 2F 2-2: Foul Ball, location: 2F 2-2: Fly out, F4 (Popup, 4S, EV 82.5 MPH)
|
|
Batting: RHB Eric Wiss
|
0-0: Foul Ball, location: 2F 0-1: Foul Ball, location: 2F 0-2: Ball 1-2: Ground out 5-3 (Groundball, 56S, EV 85.6 MPH)
|
|
Batting: RHB Khalil Stephens
|
0-0: Ball 1-0: Fly out, F7 (Flyball, 7S, EV 91.2 MPH)
|
| Top of the 9th over - 0 runs, 0 hits, 0 errors, 0 left on base; Tennessee 6 - Mobile 5 |
| BOTTOM OF THE 9TH |
|
Mobile BayBears batting - Pitching for Tennessee Smokies : RHP Karl Stuart
|
|
Pitching: RHP Jorge Mora
|
|
|
Pinch Hitting: LHB Soo-yeon Kym
|
0-0: Ball 1-0: Ground out 6-3 (Groundball, 6, EV 90.6 MPH)
|
|
Batting: RHB Josh Burrows
|
0-0: Ball 1-0: Ball 2-0: Called Strike 2-1: Foul Ball, location: 2F 2-2: Ball 3-2: Foul Ball, location: 2F 3-2: Base on Balls
|
|
Batting: RHB Blake Beale
|
0-0: Foul Ball, location: 2F 0-1: Foul Ball, location: 2F 0-2: Hit by Pitch Josh Burrows to second
|
|
Pinch Runner at 2nd Ben Alspach:
|
|
|
Batting: LHB Koson Hirai
|
0-0: Swinging Strike 0-1: Swinging Strike 0-2: Strikes out swinging
|
|
Batting: RHB Chris Bittner
|
0-0: Foul Ball, location: 2F 0-1: Ball 1-1: Ball 2-1: Foul Ball, location: 2F 2-2: Ball 3-2: Strikes out looking
|
| Bottom of the 9th over - 0 runs, 0 hits, 0 errors, 2 left on base; Tennessee 6 - Mobile 5 |
|